 Dungeon Crawl Stone Soup version 0.23.2-40-g277498a001 (webtiles) character file.

Game seed: 7012176353544081377

30 Flortec the Gusty (level 3, -4/19 HPs)
             Began as a Tengu Air Elementalist on Oct 9, 2019.
             Slain by a worm (6 damage)
             ... on level 2 of the Dungeon.
             The game lasted 00:06:09 (1048 turns).

Flortec the Gusty (Tengu Air Elementalist)          Turns: 1048, Time: 00:06:10

Health: -4/19      AC:  2    Str:  8    XL:     3   Next: 20%
Magic:  4/7        EV: 13    Int: 16    God:
Gold:   57         SH:  0    Dex: 14    Spells: 5/6 levels left

rFire    . . .     SeeInvis .   (no weapon)
rCold    . . .     Gourm    .   (no shield)
rNeg     . . .     Faith    .   a - +0 robe
rPois    .         Spirit   .   (helmet restricted)
rElec    .         Reflect  .   (no cloak)
rCorr    .         Harm     .   (no gloves)
MR       .....                  (boots unavailable)
Stlth    ++........             (no amulet)
HPRegen  0.06/turn              (no ring)
MPRegen  0.10/turn              (no ring)

@: lethally poisoned (-4 -> -8)
A: beak, talons 3
a: no special abilities


You were on level 2 of the Dungeon.
You were very hungry.

You visited 1 branch of the dungeon, and saw 2 of its levels.

You collected 57 gold pieces.

Inventory:

Hand Weapons
 f - a +0 hunting sling
Missiles
 h - 6 stones (quivered)
 i - 10 sling bullets
Armour
 a - a +0 robe (worn)
 e - a +0 pair of boots
Scrolls
 d - a scroll of blinking
 j - a scroll of remove curse
Potions
 b - a potion of might {unknown}
 g - a potion of agility {unknown}
Comestibles
 c - 4 rations


   Skills:
 + Level 0.1 Fighting
 * Level 1.0 Slings
 + Level 2.5 Dodging
 + Level 2.1 Stealth
 + Level 2.0 Spellcasting
 + Level 1.6 Conjurations
 + Level 4.7 Air Magic


You had 5 spell levels left.
You knew the following spells:

 Your Spells              Type           Power        Failure   Level  Hunger
a - Shock                 Conj/Air       ##..         5%          1    #......

Your spell library contained the following spells:

 Spells                   Type           Power        Failure   Level  Hunger
 Swiftness                Chrm/Air       #.......     12%         2    ###....
 Static Discharge         Conj/Air       ##......     17%         3    ###....
 Airstrike                Air            ###.......   28%         4    #####..
 Lightning Bolt           Conj/Air       ##........   83%         5    ######.


Dungeon Overview and Level Annotations

Branches:
Dungeon (2/15)

Altars:


Innate Abilities, Weirdness & Mutations

You have a beak for a mouth.
You have claws for feet.


Message History

[Y]es or [N]o only, please.
Really attack while wielding your +0 hunting sling? [Y]es or [N]o only, please.
Really attack while wielding your +0 hunting sling?
Okay, then.
The hobgoblin hits you but does no damage.
The adder misses you.
The hobgoblin hits you but does no damage.
You see here a leopard gecko corpse.
Really attack while wielding your +0 hunting sling? [Y]es or [N]o only, please.
Really attack while wielding your +0 hunting sling?
Okay, then.
* * * LOW HITPOINT WARNING * * *
You feel sick.
You are now empty-handed.
The adder completely misses you. The hobgoblin hits you with a +0 club.
* * * LOW HITPOINT WARNING * * *
The worm bites you.
You die...

..... ........#.
#..##.#.........
#..(....#.......
###(##..........
#(###.........
#.##..........
######)##..........
#...Sw.J..(.(......
#..gg@[....(....<..
#(.(((((.((<.......
#########......%...
#..........
#..........
#..#.......
#..(.w....#
.........##
..........


You could see a worm, an ooze (wandering), an adder and 2 hobgoblins.

Vanquished Creatures
  2 leopard geckos (D:2)
  A giant cockroach (D:1)
  3 goblins
  5 hobgoblins (D:1)
  9 bats
  2 frilled lizards
  4 kobolds
  2 rats
28 creatures vanquished.

Notes
Turn   | Place    | Note
-------+----------+-------------------------------------------
     0 | D:1      | Flortec the Tengu Air Elementalist began the quest for the
                  | Orb.
     0 | D:1      | Reached XP level 1. HP: 10/10 MP: 4/4
   219 | D:1      | Reached XP level 2. HP: 15/15 MP: 0/6
   965 | D:2      | Reached XP level 3. HP: 19/19 MP: 3/7
   992 | D:2      | Reached skill level 1 in Slings
  1048 | D:2      | Slain by a worm

Skill      XL: |  1  2  3 |
---------------+----------+-----
Slings         | 1 |  1.0
Fighting       | |  0.1
Dodging        | |  2.5
Stealth        | |  2.1
Spellcasting   | |  2.0
Conjurations   | |  1.6
Air Magic      | |  4.7

Action                   || total
-------------------------++-------
Melee: Unarmed           ||     3
       Kick              ||     1
       Peck              ||     1
 Fire: Hunting sling     ||    22
 Cast: Shock             ||    39
  Use: Scroll            ||     3
Armor: Robe              ||    15
Dodge: Dodged            ||    68
